 Dungeon Crawl Stone Soup version 0.32-a0-630-g46d191b0ed (webtiles) character file.

Game seed: 17898053067855863050

4887 BubbleThief the Mimic (level 10, 0/80 HPs)
             Began as a Merfolk Shapeshifter on Mar 7, 2024.
             Slain by an orc warrior
             ... wielding a +0 glaive
              (7 damage)
             ... on level 8 of the Dungeon.
             The game lasted 00:13:09 (6278 turns).

BubbleThief the Mimic (Merfolk Shapeshifter)        Turns: 6278, Time: 00:13:09

Health: 0/80       AC:  3    Str: 18    XL:     10   Next: 50%
Magic:  10/10      EV: 25    Int: 10    God:
Gold:   321        SH:  0    Dex: 14    Spells: 9/9 levels left

rFire   . .          .
                       - Unarmed
rCold   . . .        (shield currently unavailable)
rNeg    . . .        a - melded +0 animal skin
rPois   .            A - +1 helmet
rElec   .            (no cloak)
rCorr   .            (no gloves)
SInv    +            B - +0 pair of boots
Will    .....        g - amulet of regeneration
Stlth   +            f - +5 ring of evasion
HPRegen 1.13/turn    G - ring of see invisible
MPRegen 0.12/turn

%: no passive effects
@: flux-form, glowing
A: glow, contaminating, (nimble swimmer 2), mertail
a: Begin Untransformation, Convert to Beogh


You were on level 8 of the Dungeon.
You were something dangerously unstable.
You visited 2 branches of the dungeon, and saw 9 of its levels.
You also visited: Sewer.

You collected 363 gold pieces.
You spent 42 gold pieces at shops.

Inventory:

Armour
 a - a +0 animal skin (melded)
 A - a +1 helmet (worn)
 B - a +0 pair of boots (worn)
Jewellery
 f - a +5 ring of evasion (left hand)
 g - an amulet of regeneration (around neck)
 k - an amulet of guardian spirit
 D - a ring of protection from fire
 G - a ring of see invisible (right hand)
Talismans
 c - a beast talisman
 d - a flux talisman (active)
Wands
 y - a wand of mindburst (11)
 F - a wand of polymorph (7)
Scrolls
 e - a scroll of identify
 h - 3 scrolls of teleportation
 o - a scroll of fear
Potions
 b - a potion of lignification
 i - 4 potions of enlightenment
 j - 2 potions of ambrosia
 m - a potion of attraction {unknown}
 n - 2 potions of heal wounds
 r - 3 potions of mutation
 u - 2 potions of haste
 v - 2 potions of brilliance
 z - 6 potions of curing
 E - 2 potions of might {unknown}
 H - a potion of invisibility {unknown}


   Skills:
 + Level 7.8 Fighting
 - Level 9.0 Dodging
 + Level 9.7 Unarmed Combat
 + Level 10.7 Shapeshifting


You had 9 spell levels left.
You didn't know any spells.
Your spell library contained the following spells:

 Spells                   Type           Power      Damage    Failure   Level
 Apportation              Tloc           0%         N/A       36%         1
 Necrotise                Necr           0%         1d4       36%         1
 Shock                    Conj/Air       0%         1d3       36%         1
 Sting                    Conj/Alch      0%         1d3       36%         1
 Summon Small Mammal      Summ           0%         N/A       36%         1
 Mercury Vapours          Alch/Air       0%         N/A       50%         2
 Fugue of the Fallen      Necr           0%         N/A       75%         3
 Mephitic Cloud           Conj/Alch/Air  0%         N/A       75%         3
 Ozocubu's Armour         Ice            0%         N/A       75%         3
 Swiftness                Air            0%         N/A       75%         3
 Airstrike                Air            0%         2d(0-16)  98%         4
 Manifold Assault         Tloc           0%         N/A       98%         4
 Freezing Cloud           Conj/Ice/Air   0%         6-21      100%        5


Dungeon Overview and Level Annotations

Branches:
Dungeon (8/15)             Temple (1/1) D:7           Sewer (visited)
   Lair: D:8-11

Altars:
Cheibriados
Dithmenos
Gozag
Hepliaklqana
Makhleb
Ru
Uskayaw
Vehumet
Xom
Yredelemnul
The Shining One

Shops:
D:2 *   D:5 **


Innate Abilities, Weirdness & Mutations

You are something dangerously unstable.
You glow with magical radiation, making you easy to see and hit.
Foes you strike become dangerously contaminated with magical radiation.
You are incapable of wielding weapons or throwing items.
((You are very nimble when in or above water. (Stealth+, EV+, Speed+++)))
Your lower body shifts to a powerful aquatic tail in water.


Message History

You kill the orc!
The orc priest shouts, "Surrender to Beogh and we'll let you live!"
You hit the orc priest.
The orc priest begins to glow.
The orc priest is heavily wounded.
You barely miss the orc priest.
The orc priest shouts, "Beogh offers mercy even to people such as you.
Join us and be reborn!"
The orc priest is heavily wounded.
You hear the steady creaking of a portcullis very nearby.
The orc priest closely misses you. The orc priest hits you with a +0 club.
You hit the orc priest.
The orc priest glows dangerously bright.
The orc priest is severely wounded.
The orc priest invokes the aid of Beogh against you.
Beogh smites you! The orc priest barely misses you.
You barely miss the orc priest.
The orc priest threatens, "Beogh's wrath is as vast as their mercy.
Make your choice!"
The orc priest casts a cantrip, but nothing happens.
The orc priest invokes the aid of Beogh against you.
Beogh smites you!
* * * LOW HITPOINT WARNING * * *
You hit the orc priest but do no damage.
The orc priest shudders as magic cascades through it!!
You kill the orc priest!
The orc priest calls down the wrath of Beogh upon you.
Pain shoots through your body!
* * * LOW HITPOINT WARNING * * *
Unknown command.
You feel much better.
Unknown command.
The orc warrior unwields a +0 arbalest.
The orc warrior wields a +0 glaive.
The orc warrior hits you with a +0 glaive!!
* * * LOW HITPOINT WARNING * * *
The orc priest misses you.
The orc priest shouts, "Beogh offers mercy even to people such as you.
Join us and be reborn!"
Things that are here:
a +0 halberd; a +2 leather armour of poison resistance; an orc corpse You hit the orc warrior.
The orc warrior begins to glow.
The orc warrior is moderately wounded.
The orc warrior hits you with a +0 glaive!
You die...

#..#.#
##########..#.#
#.......)...#.#
#......####.#.#
#..###.####.#.#
#.....<.....#.#
##.##########.#
#........)o..###
##########p....#
......o...^.#
......)†.?..#
.......?....#
./.......####
...~......
.........#.
..[........
.......... )


You could see an orc warrior (contam) and an orc priest.

Vanquished Creatures
  Pikel (D:8)
  An ugly thing (D:7)
  Grinder (D:6)
  5 yaks (D:8)
  Edmund (D:4)
  Duvessa (D:4)
  2 water moccasins (D:7)
  A black bear (D:8)
  2 sky beasts (D:7)
  3 ogres
  2 phantoms
  3 lemures (D:8)
  2 kobold brigands (D:8)
  4 bullfrogs
  2 brain worms (Sewer)
  A scorpion (D:6)
  10 wights
  3 killer bees (D:8)
  Dowan (D:4)
  2 howler monkeys (D:7)
  A bombardier beetle (D:2)
  A hound (D:3)
  2 orc priests
  A sleepcap (D:6)
  2 iguanas (D:5)
  2 orc wizards
  4 gnolls (D:5)
  Robin (D:3)
  17 adders
  2 river rats (Sewer)
  A shadow imp (D:6)
  2 white imps (D:7)
  2 ufetubi (D:7)
  3 ribbon worms
  2 dart slugs
  20 orcs
  9 endoplasms
  6 giant cockroaches
  11 goblins
  14 hobgoblins
  9 jackals
  12 kobolds
  3 quokkas
  11 ball pythons
  8 bats
  9 frilled lizards
  10 rats
213 creatures vanquished.

Notes
Turn   | Place    | Note
-------+----------+-------------------------------------------
     0 | D:1      | BubbleThief the Merfolk Shapeshifter began the quest for
                  | the Orb.
     0 | D:1      | Reached XP level 1. HP: 15/15 MP: 1/1
   120 | D:1      | Reached XP level 2. HP: 19/21 MP: 2/2
   534 | D:1      | Reached XP level 3. HP: 26/26 MP: 3/3
   842 | D:2      | Reached XP level 4. HP: 29/32 MP: 4/4
  1103 | D:2      | Reached skill level 5 in Shapeshifting
  1143 | D:2      | Reached XP level 5. HP: 32/37 MP: 5/5
  1163 | D:2      | Noticed a phantom
  1182 | D:2      | Killed a phantom
  1183 | D:2      | Reached skill level 5 in Dodging
  1392 | D:2      | Found Pex Xer's General Store.
  1674 | D:3      | Noticed Robin
  1765 | D:3      | Reached XP level 6. HP: 43/43 MP: 6/6
  1774 | D:3      | Killed Robin
  1793 | D:3      | Reached skill level 5 in Unarmed Combat
  1815 | D:3      | Identified the +4 ring mail of Recklessness {Harm rF+}
  2185 | D:3      | Found a glowing drain.
  2201 | Sewer    | Entered a sewer
  2302 | Sewer    | Reached skill level 6 in Shapeshifting
  2457 | Sewer    | Reached XP level 7. HP: 33/48 MP: 5/7
  2859 | D:4      | Noticed Edmund
  2885 | D:4      | Killed Edmund
  2995 | D:4      | Found a glowing golden altar of the Shining One.
  3217 | D:4      | Noticed Dowan
  3499 | D:4      | Noticed Duvessa
  3513 | D:4      | Killed Duvessa
  3514 | D:4      | Reached skill level 7 in Shapeshifting
  3514 | D:4      | Reached XP level 8. HP: 39/57 MP: 8/8
  3521 | D:4      | Killed Dowan
  3624 | D:5      | Entered Level 5 of the Dungeon
  4326 | D:5      | Found Hueluy's General Store.
  4329 | D:5      | Found Sedeuditi's Specific Store.
  4337 | D:5      | Bought a potion of curing for 42 gold pieces
  4751 | D:6      | Reached skill level 8 in Shapeshifting
  4805 | D:6      | Found a radiant altar of Vehumet.
  4826 | D:6      | Noticed Grinder
  4826 | D:6      | Paralysed by Grinder for 5 turns
  4844 | D:6      | Killed Grinder
  4845 | D:6      | Reached XP level 9. HP: 49/66 MP: 9/9
  5101 | D:6      | Reached skill level 5 in Fighting
  5451 | D:7      | Found a staircase to the Ecumenical Temple.
  5475 | Temple   | Entered the Ecumenical Temple
  5571 | D:7      | Noticed a cyan ugly thing
  5577 | D:7      | Reached skill level 9 in Shapeshifting
  5583 | D:7      | Killed a green ugly thing
  6033 | D:8      | Reached XP level 10. HP: 77/77 MP: 10/10
  6046 | D:8      | Reached skill level 10 in Shapeshifting
  6166 | D:8      | Noticed Pikel
  6207 | D:8      | Killed Pikel
  6275 | D:8      | HP: 1/80 [orc priest/nerve-wracking pain (14)]
  6278 | D:8      | Slain by an orc warrior

Illustrated notes

Levels and vault maps discovered:
D:1:      roderic_crossed_star, layout_basic, nicolae_eternal_life
D:2:      minmay_recursive_quarters, layout_loops_corners, serial_shops,
          nicolae_shop_crystal, minmay_hedge_maze
D:3:      wad_crossroads, layout_basic, portal_sewer_entry_c, uniq_robin
D:4:      layout_loops_ring, tso_metal_star, minivault_23, uniq_edmund,
          uniq_duvessa
D:5:      layout_gridville, nicolae_specific_store
D:6:      layout_cave_pools, vehumet_crystals, chequers_serial_rivers_micro_d,
          minmay_misc_feat_ornament, uniq_grinder
D:7:      layout_basic, minmay_temple_entry_grid
D:8:      layout_basic, minitemple, enter_bailey_2, serial_shops, shop,
          minmay_misc_feat_pillars, uniq_erica, uniq_pikel
Temple:   nicolae_temple_cloud_nine

Skill      XL: |  1  2  3  4  5  6  7  8  9 10 |
---------------+-------------------------------+-----
Dodging        | 3 4 5 6 8 9 |  9.0
Unarmed Combat | 4 5 6 7 8 9 |  9.7
Shapeshifting  | 5 6 7 8 9 10 | 10.7
Fighting       | 2 4 6 7 |  7.8

Action                     |  1- 3 |  4- 6 |  7- 9 | 10-12 || total
---------------------------+-------+-------+-------+-------++-------
  Melee: Unarmed           |    99 |   192 |   352 |   110 ||   753
         Punch             |     1 |     7 |    14 |       ||    22
  Evoke: Wand              |       |       |     1 |       ||     1
    Use: Scroll            |       |       |    18 |       ||    18
         Potion            |       |       |       |     1 ||     1
   Stab: Sleeping          |     2 |     7 |       |       ||     9
         Distracted        |       |       |     1 |       ||     1
 Armour: Animal skin       |    37 |    51 |    57 |       ||   145
         Skin              |       |       |    26 |    29 ||    55
  Dodge: Dodged            |    69 |   130 |   270 |    92 ||   561
   Form: Flux              |       |       |     1 |       ||     1

Table legend: (Time is in decaauts)
 A = Elapsed time spent in this place.
 B = Non-inter-level travel time spent in this place.
 C = Inter-level travel time spent in this place.
 D = Time resting spent in this place.
 E = Time spent auto-exploring this place.
 F = Levels seen in this place.
 G = Mean time per level.
                   A        B        C        D        E       F      G
               +--------+--------+--------+--------+--------+-----+--------+
         Total |   6127 |   5916 |    211 |      6 |   4344 |  10 |  612.7 |
       Dungeon |   5788 |   5577 |    211 |      6 |   4163 |   8 |  723.5 |
        Temple |      1 |      1 |      0 |      0 |      0 |   1 |    1.0 |
         Sewer |    337 |    337 |      0 |      0 |    181 |   1 |  337.0 |
               +--------+--------+--------+--------+--------+-----+--------+

Top non-repeatable levels by time:
     D:2: 1100 daAuts
     D:5: 896 daAuts
     D:4: 757 daAuts
     D:6: 736 daAuts
     D:3: 724 daAuts
     D:7: 654 daAuts
     D:1: 611 daAuts
   Sewer: 337 daAuts
     D:8: 307 daAuts
  Temple: 1 daAuts
